cohdb
Replays
Latest Replays
All Replays
Popular Replays
Top Player Replays
Match Explorer
How It Works
Community
CoH3 Stats
Reddit
Sign in to upload your games and track your stats! →
Sign in with Steam
Verbal Abuser gets destroyed
Match 45746687
Overview
Messages
Build Orders
End
Scout Squad
Construct Barracks
Selects Armored Battlegroup
Selects Veteran Crews
Riflemen Squad
Riflemen Squad
Riflemen Squad
Infantry Support Center
Selects Fast Deploy
Construct Motor Pool
Selects Field Repairs
M8 Greyhound Armored Car
Construct Medical Station
Engineer Squad
Selects M8 Scott SPG
M8 Greyhound Armored Car
Selects UNKNOWN (2160077)
Construct Tank Depot
Selects War Machine
M4A3E8 Sherman Easy Eight
M1 Anti-tank Gun Team
Field Repairs
Field Repairs
M4A3E8 Sherman Easy Eight
Riflemen Squad
M1918 Browning Automatic Rifles
Grenade Package
Engineer Squad
DoctorEva
|B|r|@|v|3|H|e|@|r|T|
0
0
Comments
sign in to comment!
No comments posted yet!